 Dungeon Crawl Stone Soup version 0.31-a0-1169-gd935f9fcdc (webtiles) character file.

Game seed: 16590339439004359475

9072 Amplified the Fighter (level 11, -5/90 HPs)
             Began as a Minotaur Shapeshifter on Dec 10, 2023.
             Was an Initiate of Gozag.
             Slain by Snorg (15 damage)
             ... on level 10 of the Dungeon.
             The game lasted 00:15:50 (11936 turns).

Amplified the Fighter (Minotaur Shapeshifter)      Turns: 11936, Time: 00:15:51

Health: -5/90      AC:  4    Str: 21    XL:     11   Next: 18%
Magic:  19/19      EV: 18    Int:  9    God:    Gozag
Gold:   32         SH:  0    Dex: 10    Spells: 10/10 levels left

rFire   . .          .
                       - Unarmed
rCold   . . .        (shield currently unavailable)
rNeg    + . .        m - melded +6 chain mail of Lifelessness {rElec}
rPois   +            f - +1 hat
rElec   .            j - +1 cloak {rPois}
rCorr   .            (no gloves)
SInv    .            g - +0 pair of boots
Will    .....        t - amulet of magic regeneration
Stlth   +            r - ring of positive energy
HPRegen 0.35/turn    y - ring of magical power
MPRegen 0.56/turn

%: no passive effects
@: flux-form, glowing
A: glow, contaminating, reduced hp, horns 2, retaliatory headbutt
a: Begin Untransformation, Renounce Religion, Potion Petition, Call Merchant,
Bribe Branch


You were on level 10 of the Dungeon.
You worshipped Gozag.
Gozag was noncommittal.
You were something dangerously unstable.
You visited 2 branches of the dungeon, and saw 11 of its levels.
You also visited: Sewer.

You collected 1880 gold pieces.
You spent 574 gold pieces at shops.
You paid 1274 gold pieces to Gozag.

Inventory:

Hand Weapons
 o - a +1 halberd of flaming
Missiles
 I - 8 poisoned darts
Armour
 f - a +1 hat (worn)
 g - a +0 pair of boots (worn)
 j - a +1 cloak of poison resistance (worn)
 m - the +6 chain mail of Lifelessness (melded) {rElec}
   (You bought it in a shop on level 10 of the Dungeon)

   rElec:     It insulates you from electricity.
Jewellery
 r - a ring of positive energy (left hand)
 t - an amulet of magic regeneration (around neck)
 y - a ring of magical power (right hand)
Talismans
 d - a flux talisman (active)
 E - a beast talisman
Wands
 c - a wand of flame (35)
 w - a wand of roots (8)
Scrolls
 i - 2 scrolls of amnesia
 k - a scroll of identify
 l - 3 scrolls of immolation
 p - a scroll of fog
 u - 5 scrolls of vulnerability
 v - 5 scrolls of teleportation
 x - a scroll of revelation
 C - 2 scrolls of enchant weapon
Potions
 e - a potion of brilliance
 h - 2 potions of degeneration
 q - a potion of ambrosia {unknown}
 z - 4 potions of enlightenment
 B - 3 potions of attraction
 D - 4 potions of curing {unknown}


   Skills:
 * Level 9.3 Fighting
 * Level 8.4 Polearms
 * Level 7.1 Dodging
 * Level 9.0 Unarmed Combat
 * Level 5.9 Evocations
 * Level 6.3 Shapeshifting


You had 10 spell levels left.
You didn't know any spells.
Your spell library contained the following spells:

 Spells                   Type           Power      Damage    Failure   Level
 Freeze                   Ice            0%         1d3       38%         1
 Magic Dart               Conj           0%         1d3       38%         1
 Shock                    Conj/Air       0%         1d3       38%         1
 Searing Ray              Conj           0%         2d4       52%         2
 Frozen Ramparts          Ice            0%         1d1       77%         3
 Gell's Gravitas          Tloc           0%         N/A       77%         3
 Hailstorm                Conj/Ice       0%         3d5       77%         3
 Teleport Other           Tloc           0%         N/A       77%         3
 Fulminant Prism          Conj/Hex       0%         3d5       99%         4
 Olgreb's Toxic Radiance  Pois           0%         N/A       99%         4
 Petrify                  Tmut/Erth      0%         N/A       99%         4
 Metabolic Englaciation   Hex/Ice        0%         N/A       100%        5
 Dispersal                Tloc           0%         N/A       100%        6
 Discord                  Hex            0%         N/A       100%        8
 Ignition                 Fire           0%         3d3       100%        8


Dungeon Overview and Level Annotations

Branches:
Dungeon (10/15)            Temple (1/1) D:4            Lair (0/5) D:9
  Sewer (visited)
    Orc: D:9-12

Altars:
Ashenzari
Cheibriados
Dithmenos
Elyvilon
Fedhas
Gozag
Hepliaklqana
Kikubaaqudgha
Makhleb
Nemelex Xobeh
Okawaru
Qazlal
Ru
Sif Muna
Trog
Uskayaw
Vehumet
Wu Jian
Xom
Yredelemnul
Zin
The Shining One

Shops:
D:2 !   D:6 (   D:7 =   D:8 [   D:10 [

Annotations:
D:10 Snorg


Innate Abilities, Weirdness & Mutations

You are something dangerously unstable.
You glow with magical radiation, making you easy to see and hit.
Foes you strike become dangerously contaminated with magical radiation.
Your maximum health is decreased, since you lack skill for your form.
You are incapable of wielding weapons or throwing items.
You have a pair of horns on your head.
You reflexively headbutt those who attack you in melee.


Message History

The grasping roots constrict Snorg!
Snorg escapes!
You barely miss Snorg. Your headbutt misses Snorg.
Snorg is lightly wounded.
You closely miss Snorg.
Snorg is lightly wounded.
Snorg completely misses you. Snorg claws you! Snorg barely misses you.
You closely miss Snorg.
Snorg is lightly wounded.
Snorg goes berserk!
You barely miss Snorg. Your headbutt misses Snorg.
Snorg is lightly wounded.
Snorg misses you. Snorg barely misses you. Snorg claws you!
You barely miss Snorg. Your headbutt misses Snorg.
Snorg is lightly wounded.
Snorg closely misses you. Snorg claws you. Snorg closely misses you.
You hit Snorg.
Snorg begins to glow.
Snorg is lightly wounded.
Snorg closely misses you. You furiously retaliate!
You headbutt Snorg. Snorg misses you. Snorg claws you! Snorg bites you!!
Snorg barely misses you. Snorg claws you!
* * * LOW HITPOINT WARNING * * *
Unknown command.
Okay, then.
Okay, then.
Okay, then.
Okay, then.
You hit Snorg but do no damage.
Snorg glows dangerously bright.
Snorg is lightly wounded.
Snorg closely misses you. Snorg barely misses you. Snorg claws you!
* * * LOW HITPOINT WARNING * * *
Unknown command.
Unknown command.
Unknown command.
You hit Snorg.
Snorg shudders as magic cascades through her!!
Snorg twists and deforms.
Your headbutt misses Snorg.
Snorg is moderately wounded.
Snorg bites you!
You die...
Your body crumbles into a pile of gold.

..#. #....... ..
....###.###### .. #... ...#
#. #..# #.## #. #..# #$# #.
#..# #.# #.##..###.### #.
#.T.........# #.
#.p##.#####.# #. #..##.###
.# #. #.......# # #.
#...###.## #. #...# ..# #.
###..###..##.######<
#.........##........
#########....>###.#########.
#..<..........# #.


You could see Snorg (berserk, misshapen).

Vanquished Creatures
  Gastronok (D:10)
  Harold (D:10)
  A two-headed ogre (D:8)
  An elephant (D:9)
  An unseen horror (D:10)
  A troll (D:9)
  Prince Ribbit (D:5)
  A wraith (D:9)
  4 wyverns
  A basilisk (D:9)
  A water moccasin (D:9)
  5 orc warriors
  An ice beast (D:7)
  2 sky beasts (D:7)
  2 black bears
  5 centaurs
  2 crocodiles (Sewer)
  2 phantoms
  4 kobold brigands
  3 bullfrogs
  A gnoll sergeant (D:8)
  2 scorpions
  12 wights
  18 killer bees
  4 howler monkeys
  4 orc priests
  4 hounds
  A gnoll bouda (D:7)
  4 orc wizards
  Terence (D:2)
  4 iguanas
  2 sleepcaps
  A sickly merfolk siren (Sewer)
  A malarious merfolk avatar (Sewer)
  13 gnolls
  3 adders
  4 river rats (Sewer)
  2 white imps
  2 ufetubi (D:7)
  A worm (D:2)
  3 dart slugs
  17 orcs
  17 ball pythons
  8 endoplasms
  9 giant cockroaches
  3 goblins
  9 hobgoblins
  5 jackals
  4 quokkas
  7 bats
  9 frilled lizards
  26 kobolds
  10 rats
251 creatures vanquished.

Notes
Turn   | Place    | Note
-------+----------+-------------------------------------------
     0 | D:1      | Amplified the Minotaur Shapeshifter began the quest for the
                  | Orb.
     0 | D:1      | Reached XP level 1. HP: 16/16 MP: 0/0
   140 | D:1      | Reached XP level 2. HP: 23/24 MP: 1/1
   884 | D:1      | Reached XP level 3. HP: 30/30 MP: 2/2
  1247 | D:2      | Found Ydurri's Distillery.
  1261 | D:2      | Reached XP level 4. HP: 23/37 MP: 3/3
  1302 | D:2      | Bought a potion of might for 48 gold pieces
  1375 | D:2      | Noticed Terence
  1379 | D:2      | Killed Terence
  2036 | D:3      | Reached XP level 5. HP: 45/45 MP: 4/4
  2228 | D:3      | Found a faded altar of an unknown god.
  2238 | D:3      | Got Plato's Spellbook of the Brume
  2416 | D:3      | You fall into a shaft and drop 1 floor!
  2429 | D:4      | Reached skill level 1 in Polearms
  2483 | D:4      | Found a staircase to the Ecumenical Temple.
  2493 | Temple   | Entered the Ecumenical Temple
  2516 | Temple   | Became a worshipper of Gozag Ym Sagoz the Greedy
  3077 | D:4      | Reached XP level 6. HP: 49/52 MP: 5/5
  3191 | D:5      | Entered Level 5 of the Dungeon
  3204 | D:5      | Reached skill level 5 in Unarmed Combat
  3409 | D:5      | Reached skill level 1 in Evocations
  3409 | D:5      | Reached XP level 7. HP: 56/60 MP: 6/6
  3457 | D:5      | Noticed Prince Ribbit
  3470 | D:5      | Killed Prince Ribbit
  3471 | D:5      | Reached skill level 5 in Fighting
  3593 | D:5      | Found a sparkling altar of Nemelex Xobeh.
  3856 | D:6      | Found a glowing drain.
  3872 | Sewer    | Entered a sewer
  4204 | Sewer    | Reached XP level 8. HP: 63/69 MP: 7/7
  4888 | D:6      | Found Dyfung's Weapon Shoppe.
  5386 | D:6      | Found a glowing silver altar of Zin.
  6309 | D:7      | Reached skill level 5 in Polearms
  6520 | D:7      | Reached XP level 9. HP: 24/78 MP: 8/8
  7127 | D:7      | Reached skill level 5 in Shapeshifting
  7894 | D:8      | Found Ackifese's Armour Shop.
  7896 | D:8      | Noticed a two-headed ogre
  7906 | D:8      | Killed a two-headed ogre
  7907 | D:8      | Reached skill level 5 in Dodging
  8139 | D:8      | Reached XP level 10. HP: 59/88 MP: 9/9
  9087 | D:9      | Reached skill level 5 in Evocations
  9732 | D:9      | Found a staircase to the Lair.
 10136 | D:10     | Entered Level 10 of the Dungeon
 10241 | D:10     | HP: 3/90 [orc warrior/arrow (11)]
 10688 | D:10     | Identified the +5 dagger "Syudot" {holy, rC+}
 10743 | D:10     | Noticed Harold
 11028 | D:10     | Noticed Snorg
 11203 | D:10     | Noticed Gastronok
 11216 | D:10     | Killed Gastronok
 11217 | D:10     | Reached XP level 11. HP: 38/97 MP: 10/10
 11610 | D:10     | Killed Harold
 11850 | D:10     | Bought an embroidered cloak for 232 gold pieces
 11850 | D:10     | Bought a faintly humming chain mail for 294 gold pieces
 11850 | D:10     | Identified the +6 chain mail of Lifelessness {rElec} (You
                  | bought it in a shop on level 10 of the Dungeon)
 11936 | D:10     | Slain by Snorg

Illustrated notes

Levels and vault maps discovered:
D:1:      dpeg_arrival_erosion, layout_basic, minmay_small_reverse_x
D:2:      layout_loops_cross, serial_shops, shop, nicolae_figureground_sparkle,
          uniq_terence
D:3:      layout_loops_ring, shapermc_ecumenical_altar_rom_forum,
          minmay_misc_feat_roman
D:4:      layout_loops_cross, minmay_temple_entry_stoned_glass
D:5:      layout_rooms, nemelex_altar_shiori, uniq_prince_ribbit1
D:6:      layout_basic, general_overflow_altar, serial_shops,
          nicolae_shop_bloodbath_and_beyond, cheibrodos_sewer_entry_sluice,
          nicolae_letterblocks [nicolae_letter_subblock,
          nicolae_letter_subblock, nicolae_letter_subblock,
          nicolae_letter_subblock, nicolae_letter_subblock,
          nicolae_letter_subblock, nicolae_letter_subblock,
          nicolae_letter_subblock, nicolae_letter_subblock,
          nicolae_letter_subblock, nicolae_letter_subblock,
          nicolae_letter_subblock, nicolae_letter_subblock,
          nicolae_letter_subblock, nicolae_letter_subblock,
          nicolae_letter_subblock, nicolae_letter_subblock,
          nicolae_letter_subblock, nicolae_letter_subblock,
          nicolae_letter_subblock, nicolae_letter_subblock,
          nicolae_letter_subblock, nicolae_letter_subblock,
          nicolae_letter_subblock, nicolae_letter_subblock]
D:7:      layout_loops_corners, st_stairs_3, grunt_ministairs_7,
          minmay_misc_feat_pillars, corexii_checkpoint
D:8:      layout_loops_ring, serial_shops, nicolae_shop_peninsula
D:9:      layout_loops_ring, david_lair_generic
D:10:     layout_loops_ring, uniq_gastronok, uniq_snorg, uniq_harold
Temple:   mainiacjoe_temple_big_plus

Skill      XL: |  1  2  3  4  5  6  7  8  9 10 11 |
---------------+----------------------------------+-----
Fighting       | 2 3 4 5 6 7 9 |  9.3
Unarmed Combat | 4 5 6 7 8 9 |  9.0
Shapeshifting  | 3 4 5 6 |  6.3
Polearms       | 2 4 5 6 8 |  8.4
Evocations     | 1 2 3 4 5 |  5.9
Dodging        | 3 5 6 7 |  7.1

Action                     |  1- 3 |  4- 6 |  7- 9 | 10-12 || total
---------------------------+-------+-------+-------+-------++-------
  Melee: Unarmed           |    69 |   112 |   253 |   188 ||   622
         Punch             |     1 |       |     9 |     9 ||    19
         Headbutt          |     9 |    15 |    47 |    38 ||   109
  Throw: Throwing net      |       |       |       |     1 ||     1
 Invoke: Call Merchant     |       |       |     1 |     1 ||     2
Ability: Begin Untransform |     2 |     2 |       |     2 ||     6
  Evoke: Wand              |     3 |     2 |    10 |     5 ||    20
    Use: Potion            |     1 |     2 |     4 |     8 ||    15
         Scroll            |       |     3 |     8 |     8 ||    19
   Stab: Distracted        |       |       |     1 |     2 ||     3
         Paralysed         |       |       |     4 |     1 ||     5
         Held in net/web   |       |       |       |     1 ||     1
 Armour: Animal skin       |    10 |       |       |       ||    10
         Skin              |    20 |     3 |     3 |     8 ||    34
         Ring mail         |    10 |    71 |   175 |   163 ||   419
  Dodge: Dodged            |    39 |    41 |   117 |   101 ||   298
   Form: Flux              |     2 |       |       |     2 ||     4
         Beast             |     1 |     2 |       |       ||     3

Table legend: (Time is in decaauts)
 A = Elapsed time spent in this place.
 B = Non-inter-level travel time spent in this place.
 C = Inter-level travel time spent in this place.
 D = Time resting spent in this place.
 E = Time spent auto-exploring this place.
 F = Levels seen in this place.
 G = Mean time per level.
                   A        B        C        D        E       F      G
               +--------+--------+--------+--------+--------+-----+--------+
         Total |  11898 |  11554 |    344 |   2541 |   7099 |  12 |  991.5 |
       Dungeon |  11280 |  10975 |    305 |   2441 |   6858 |  10 | 1128.0 |
        Temple |     45 |      6 |     39 |      0 |      0 |   1 |   45.0 |
         Sewer |    571 |    571 |      0 |    100 |    241 |   1 |  571.0 |
               +--------+--------+--------+--------+--------+-----+--------+

Top non-repeatable levels by time:
     D:7: 1988 daAuts
     D:9: 1812 daAuts
     D:6: 1359 daAuts
    D:10: 1353 daAuts
     D:1: 1172 daAuts
     D:8: 1063 daAuts
     D:2: 740 daAuts
     D:4: 725 daAuts
     D:5: 572 daAuts
   Sewer: 571 daAuts
     D:3: 492 daAuts
  Temple: 45 daAuts
